 Dungeon Crawl Stone Soup version 0.31.0-9-g3a7656b989 (webtiles) character file.

Game seed: 5912155171848310974

123 qw the Skirmisher (level 4, -3/25 HPs)
             Began as a Deep Elf Hunter on Feb 2, 2024.
             Was an Initiate of Okawaru.
             Slain by an orc wizard
             ... wielding a +0 dagger of speed
              (4 damage)
             ... on level 3 of the Dungeon.
             The game lasted 00:00:06 (1962 turns).

qw the Skirmisher (Deep Elf Hunter)                 Turns: 1962, Time: 00:00:07

Health: -3/25      AC:  6    Str: 10    XL:     4   Next: 80%
Magic:  6/6        EV: 11    Int: 14    God:    Okawaru [......]
Gold:   158        SH:  0    Dex: 24    Spells: 3/3 levels left

rFire   . . .        a - +0 shortbow
rCold   + . .        (shield currently unavailable)
rNeg    . . .        f - +0 ring mail
rPois   .            (no helmet)
rElec   .            (no cloak)
rCorr   .            (no gloves)
SInv    .            k - +0 pair of boots
Will    .....        (no amulet)
Stlth   ++           h - +6 ring of dexterity
HPRegen 0.24/turn    i - ring of protection from cold
MPRegen 0.10/turn

%: no passive effects
@: no status effects
A: no striking features
a: Renounce Religion


You were on level 3 of the Dungeon.
You worshipped Okawaru.
Okawaru was noncommittal.
You visited 1 branch of the dungeon, and saw 3 of its levels.

You collected 158 gold pieces.


   Skills:
 - Level 1.5 Fighting
 - Level 8.2 Ranged Weapons
 + Level 2.4 Dodging
 - Level 1.2 Stealth


You had 3 spell levels left.
You didn't know any spells.
Your spell library was empty.

Inventory:

Hand Weapons
 a - a +0 shortbow (weapon)
Armour
 c - a +0 helmet
 f - a +0 ring mail (worn)
 k - a +0 pair of boots (worn)
Jewellery
 h - a +6 ring of dexterity (left hand)
 i - a ring of protection from cold (right hand)
Potions
 b - 2 potions of heal wounds {unknown}

Dungeon Overview and Level Annotations

Branches:
Dungeon (3/15)

Altars:
Okawaru
Trog

Shops:
D:2 (


Message History

1950 ||| (to cure confusion)
A puff of flame appears from out of thin air!
The puff of flame misses you.
1951 ||| FLEEEEING.
You shoot an arrow. You shoot an arrow. You shoot an arrow. Something hits you.
You shoot an arrow. The arrow hits the orc wizard.
The orc wizard is moderately wounded.
You shoot an arrow.
The arrow closely misses the orc wizard.
You shoot an arrow.
The arrow closely misses the orc wizard.
The arrow hits the orc but does no damage.
The orc wizard misses you.
The orc wizard casts a spell.
The orc wizard flickers and vanishes!
You shoot an arrow.
The arrow hits the orc but does no damage.
Something hits you. The orc hits you with a +0 mace.
You shoot an arrow. The arrow hits the orc.
The orc is heavily wounded.
Something hits you. x2; Something hits you but does no damage.
The orc hits you with a +0 mace.
You shoot an arrow.
The arrow hits the orc but does no damage.
The orc is heavily wounded.
Something hits you but does no damage. Something hits you.
The orc hits you but does no damage. Something hits you but does no damage.
You shoot an arrow.
The arrow hits the orc but does no damage.
The orc is heavily wounded.
Something hits you but does no damage. Something hits you.
The orc hits you with a +0 mace. Something hits you but does no damage.
You shoot an arrow. The arrow hits the orc!
You kill the orc!
Okawaru accepts your kill. Something hits you. Something barely misses you.
Something hits you.
You die...

#.............. ...
#.........)...# #o#
#.............# #o#
##.%...........# #.#
..............# #{# .#
...###........# #.####.# ###..
...# #...##### #.!....# .....
...# ###.....#####......# #......
...# #####..#.@{......# #......
...# ########.#.).......###......
...# #...........................
#### #..........%......####......
######..........##..............[
#.......#......####....####......
#.......#......# #....####....%.
#.......#..[...# #.........#####
#.......#......####..............


There were no monsters in sight!

Vanquished Creatures
  An orc priest (D:3)
  A gnoll (D:1)
  4 adders
  A dart slug (D:2)
  2 ribbon worms (D:2)
  An orc (D:3)
  5 ball pythons
  5 bats
  4 endoplasms (D:1)
  5 goblins
  4 hobgoblins
  2 kobolds (D:1)
  A quokka (D:2)
  4 frilled lizards
  4 rats
44 creatures vanquished.

Notes
Turn   | Place    | Note
-------+----------+-------------------------------------------
     0 | D:1      | qw the Deep Elf Hunter began the quest for the Orb.
     0 | D:1      | Reached XP level 1. HP: 12/12 MP: 3/3
     0 | D:1      | 0 ||| qw: Version: 0.3-a-155-g5e7d8dd
     0 | D:1      | 0 ||| qw: Game counter: 1277
     0 | D:1      | 0 ||| qw: Melee chars always use a shield: true
     0 | D:1      | 0 ||| qw: God list: Okawaru
     0 | D:1      | 0 ||| qw: Allow faded altars: false
     0 | D:1      | 0 ||| qw: Do Orc after clearing Dungeon:15 true
     0 | D:1      | 0 ||| qw: Do second Lair branch before Depths: true
     0 | D:1      | 0 ||| qw: Lair rune preference: random
     0 | D:1      | 0 ||| qw: Goals: Normal
     0 | D:1      | 0 ||| PLANNING D:1-11
   219 | D:1      | Reached XP level 2. HP: 16/16 MP: 4/4
   223 | D:1      | Reached skill level 6 in Ranged Weapons
   672 | D:1      | Reached XP level 3. HP: 10/20 MP: 5/5
   754 | D:1      | 754 ||| UPGRADING to +0 scale mail.
   764 | D:1      | 764 ||| DROPPING +0 leather armour.
   765 | D:1      | 765 ||| UPGRADING to +0 ring mail.
   775 | D:1      | 775 ||| DROPPING +0 scale mail.
   776 | D:1      | 776 ||| READING 2 scrolls labelled FUXEAT NOTEMN.
   777 | D:1      | 777 ||| DROPPING scroll of butterflies.
   987 | D:2      | Reached skill level 7 in Ranged Weapons
  1071 | D:2      | Found Von Nanni's Antique Weapon Shop.
  1366 | D:2      | Reached XP level 4. HP: 25/25 MP: 6/6
  1685 | D:2      | 1685 ||| UPGRADING to +0 pair of boots.
  1690 | D:2      | 1690 ||| UPGRADING to +6 ring of dexterity.
  1691 | D:2      | 1691 ||| UPGRADING to ring of protection from cold.
  1692 | D:2      | 1692 ||| READING 4 scrolls of identify.
  1692 | D:2      | 1692 ||| IDENTIFYING orange potion
  1693 | D:2      | 1693 ||| READING 3 scrolls of identify.
  1693 | D:2      | 1693 ||| IDENTIFYING amethyst potion
  1694 | D:2      | 1694 ||| READING 2 scrolls of identify.
  1694 | D:2      | 1694 ||| IDENTIFYING bubbling orange potion
  1695 | D:2      | 1695 ||| READING scroll of identify.
  1695 | D:2      | 1695 ||| IDENTIFYING metallic brown potion
  1696 | D:2      | 1696 ||| READING scroll labelled XETEFR GIUL.
  1697 | D:2      | 1697 ||| DROPPING potion of degeneration.
  1698 | D:2      | 1698 ||| DROPPING potion of invisibility.
  1699 | D:2      | 1699 ||| DROPPING potion of lignification.
  1752 | D:3      | Found an iron altar of Okawaru.
  1752 | D:3      | Found a bloodstained altar of Trog.
  1753 | D:3      | 1753 ||| PLANNING OKAWARU WORSHIP
  1758 | D:3      | Became a worshipper of Warmaster Okawaru
  1759 | D:3      | 1759 ||| PLANNING D:1-11
  1945 | D:3      | Reached skill level 8 in Ranged Weapons
  1945 | D:3      | 1945 ||| FLEEEEING.
  1946 | D:3      | 1946 ||| FLEEEEING.
  1947 | D:3      | 1947 ||| FLEEEEING.
  1948 | D:3      | 1948 ||| FLEEEEING.
  1949 | D:3      | 1949 ||| FLEEEEING.
  1950 | D:3      | 1950 ||| DRINKING potion of curing.
  1950 | D:3      | 1950 ||| (to cure confusion)
  1951 | D:3      | 1951 ||| FLEEEEING.
  1961 | D:3      | HP: 3/25 [something (4)]
  1962 | D:3      | HP: 1/25 [something (2)]
  1962 | D:3      | Slain by an orc wizard

Levels and vault maps discovered:
D:1:      eino_arrival_water_cross, layout_loops_cross, minmay_curled_crystal,
          amcnicky_mini_pool_small, nicolae_houndstooth_variations
D:2:      layout_basic, serial_shops, shop, serial_park_tiny_2,
          minmay_gold_behind_fungi
D:3:      layout_basic, mainiacjoe_overflow_surrounded_room,
          chequers_temple_overflow_statue_of_worship

Skill      XL: |  1  2  3  4 |
---------------+-------------+-----
Ranged Weapons | 6 7 8 |  8.2
Fighting       | |  1.5
Dodging        | |  2.4
Stealth        | |  1.2

Action                     |  1- 3 |  4- 6 || total
---------------------------+-------+-------++-------
   Fire: Shortbow          |    88 |    39 ||   127
    Use: Scroll            |     1 |     5 ||     6
         Potion            |       |     1 ||     1
 Armour: Leather armour    |     3 |       ||     3
         Ring mail         |     7 |    17 ||    24
  Dodge: Dodged            |    20 |     4 ||    24

Table legend:
 A = Non-vault XP
 B = Vault XP
 C = Vault XP percentage of total XP
 D = Non-vault monster count
 E = Vault monster count
 F = Vault count percentage of total count
                 A         B        C        D         E       F
            +---------+---------+-------+---------+---------+-------
      Total |     180 |       0 |   0.0 |      44 |       0 |   0.0
            +---------+---------+-------+---------+---------+-------
        D:1 |      42 |       0 |   0.0 |      17 |       0 |   0.0
        D:2 |      61 |       0 |   0.0 |      19 |       0 |   0.0
        D:3 |      77 |       0 |   0.0 |       8 |       0 |   0.0
            +---------+---------+-------+---------+---------+-------
